 Dungeon Crawl Stone Soup version 0.22.1-2-g9c5b331383 (webtiles) character file.

1441 Ihlosi the Sneak (level 9, 0/55 HPs)
             Began as a Kobold Gladiator on Dec 1, 2018.
             Slain by an orc warrior
             ... wielding a +0 hand axe
              (9 damage)
             ... on level 6 of the Dungeon.
             The game lasted 00:17:55 (6026 turns).

Ihlosi the Sneak (Kobold Gladiator)                 Turns: 6026, Time: 00:17:55

Health: 0/55       AC:  6    Str: 14    XL:     9   Next: 4%
Magic:  11/11      EV: 18    Int:  9    God:
Gold:   175        SH:  4    Dex: 21    Spells: 8/8 levels left

rFire    . . .     SeeInvis .   a - +1 long sword
rCold    . . .     Gourm    .   (shield restricted)
rNeg     . . .     Faith    .   b - +0 leather armour
rPois    .         Spirit   .   c - +0 helmet
rElec    .         Reflect  +   (no cloak)
rCorr    +         Harm     .   (no gloves)
MR       .....                  o - +1 pair of boots
Stlth    +++.......             k - +4 amulet of reflection
HPRegen  0.18/turn              n - ring of resist corrosion
MPRegen  0.12/turn              s - +4 ring of dexterity

@: about to teleport
A: small, carnivore
a: no special abilities


You were on level 6 of the Dungeon.
You were very full.

You visited 1 branch of the dungeon, and saw 6 of its levels.
You also visited: Sewer.

You collected 175 gold pieces.

Inventory:

Hand Weapons
 a - a +1 long sword (weapon)
 y - a +0 trident of piercing
Missiles
 d - 2 throwing nets (quivered)
 w - 37 bolts
Armour
 b - a +0 leather armour (worn)
 c - a +0 helmet (worn)
 o - a +1 pair of boots (worn)
Jewellery
 k - a +4 amulet of reflection (around neck)
 n - a ring of resist corrosion (left hand)
 s - a +4 ring of dexterity (right hand)
 z - an uncursed amulet of rage
Wands
 u - a wand of flame (15)
 x - a wand of paralysis (18)
Scrolls
 h - 2 scrolls of enchant weapon
 i - 2 scrolls of random uselessness
 j - 3 scrolls of identify
 l - 3 scrolls of remove curse
 m - a scroll of blinking {unknown}
 p - 2 scrolls of teleportation
 r - 2 scrolls of fear {unknown}
 t - a scroll of enchant armour
 v - a scroll of immolation
Potions
 e - a potion of haste
 g - 3 potions of flight
 A - a potion of brilliance
 C - a potion of mutation
Comestibles
 f - 9 rations
 q - a chunk of flesh


   Skills:
 * Level 5.7 Fighting
 + Level 6.0 Long Blades
 - Level 2.1 Throwing
 - Level 1.0 Armour
 + Level 5.5 Dodging
 - Level 6.0 Stealth
 * Level 3.2 Evocations


You had 8 spell levels left.
You didn't know any spells.
Your spell library was empty.

Dungeon Overview and Level Annotations

Branches:
Dungeon (6/15)
 Temple: D:4-7

Altars:
Fedhas
Gozag
Okawaru
Qazlal
Ru
Sif Muna
Uskayaw
Vehumet

Shops:
D:5 *

Portals:
Ossuary: D:6


Innate Abilities, Weirdness & Mutations

You are small and have problems with some larger weapons.
You are carnivorous and can eat meat at any time.


Message History

The orc priest casts a cantrip, but nothing happens.
An orc comes into view. It is wielding a flail.
The orc wizard barely misses you.
You riposte.
You barely miss the orc wizard. You block the orc warrior's attack.
There is an empty arch of ancient stone here.
Evoke which item? (* to show all) (? for menu, Esc to quit)
Aiming: Paralyse
Press: ? - help, Shift-Dir - straight line, f/p - orc priest
Aim: an orc priest, wielding a dagger of freezing (chance to defeat MR: 55%)
The orc warrior resists with significant effort.
The orc warrior hits you with a hand axe!
* * * LOW HITPOINT WARNING * * *
Evoke which item? (* to show all) (? for menu, Esc to quit)
Okay, then.
Okay, then.
As you read the scroll of teleportation, it crumbles to dust.
You feel strangely unstable.
The orc priest miscasts a cantrip.
The orc warrior hits you with a hand axe!
You die...

,* *,,,,*,**,,,,#..........#.#...
,* *,,,,*,******#..........#.#...
,***,,,,*,* #..........'.#...
,,,+,,,,*.#######..o.......###...
****,,,,,.............o..........
,,,+,,,,,................####.o..
****,,,*,.......oo.......# #....
* ******#######o######### #.... *
#@# #o... * **#.#** #..o. *
**,...,** #.... * **** *8..∩..8*
#..o. * *,,* *#.....#* *,,,,
******,,*****#######******* *,,,,
,,,,,+,,,,,,,,,,,+,,,,,,,,* *,,,,
******,,,,,,,,,***,,,,,,,,* *,,**
*,,,,,,,,,* *,,,,,,,,* *,,**


You could see an orc warrior, an orc priest, an orc wizard and an orc
(wandering).

Vanquished Creatures
  A water moccasin (D:5)
  4 sky beasts
  An ice beast (D:5)
  An ogre (D:5)
  A centaur (D:5)
  A howler monkey (D:4)
  A crimson imp (D:5)
  2 hounds (D:5)
  4 orc priests
  A centaur skeleton (D:4)
  An iguana (D:5)
  Natasha (thrice) (D:3)
  4 orc wizards
  A killer bee zombie (D:5)
  8 adders
  2 oozes
  An adder skeleton (D:4)
  5 worms
  A dart slug (D:2)
  5 leopard geckos
  15 orcs
  7 giant cockroaches
  5 goblins
  6 hobgoblins
  9 jackals
  6 kobolds
  2 ball pythons
  14 bats
  6 frilled lizards
  A leopard gecko skeleton (D:5)
  A quokka skeleton (D:4)
  4 rats (D:2)
124 creatures vanquished.

Notes
Turn   | Place    | Note
-------+----------+-------------------------------------------
     0 | D:1      | Ihlosi the Kobold Gladiator began the quest for the Orb.
     0 | D:1      | Reached XP level 1. HP: 12/12 MP: 1/1
    37 | D:1      | Reached XP level 2. HP: 16/17 MP: 2/2
   302 | D:1      | Reached skill level 1 in Stealth
   344 | D:1      | Reached XP level 3. HP: 20/22 MP: 3/3
  1302 | D:2      | Reached skill level 1 in Armour
  1302 | D:2      | Reached XP level 4. HP: 25/27 MP: 4/4
  1894 | D:3      | Noticed Natasha
  1906 | D:3      | Killed Natasha
  1906 | D:3      | Reached XP level 5. HP: 31/32 MP: 5/5
  2033 | D:3      | Noticed Natasha
  2040 | D:3      | Killed Natasha
  2235 | D:3      | Noticed Natasha
  2270 | D:3      | Killed Natasha
  2923 | D:4      | Reached XP level 6. HP: 37/37 MP: 6/6
  2929 | D:5      | Entered Level 5 of the Dungeon
  2990 | D:5      | Found a glowing drain.
  3061 | Sewer    | Entered a sewer
  3672 | D:5      | Found Mathrot's Assorted Antiques.
  3777 | D:5      | Reached XP level 7. HP: 22/42 MP: 7/7
  3937 | D:5      | Noticed a water moccasin
  3977 | D:5      | Reached skill level 5 in Long Blades
  3977 | D:5      | Reached skill level 5 in Dodging
  3977 | D:5      | Reached skill level 1 in Evocations
  3977 | D:5      | Reached XP level 8. HP: 31/48 MP: 8/8
  4162 | D:5      | Reached skill level 5 in Stealth
  4888 | D:5      | Reached skill level 5 in Fighting
  5191 | D:4      | Found a stormy altar of Qazlal.
  5192 | D:4      | Found a radiant altar of Vehumet.
  5192 | D:4      | Found a blossoming altar of Fedhas.
  5194 | D:4      | Found an iron altar of Okawaru.
  5194 | D:4      | Found a hide-covered altar of Uskayaw.
  5196 | D:4      | Found an opulent altar of Gozag.
  5196 | D:4      | Found a sacrificial altar of Ru.
  5197 | D:4      | Found a deep blue altar of Sif Muna.
  5949 | D:6      | Reached XP level 9. HP: 55/55 MP: 11/11
  6020 | D:6      | Found a sand-covered staircase.
  6026 | D:6      | Slain by an orc warrior

Skill      XL: |  1  2  3  4  5  6  7  8 |
---------------+-------------------------+-----
Stealth        | 1 2 3 4 6 |  6.0
Dodging        | 4 5 |  5.5
Armour         | 1 |  1.0
Long Blades    | 3 4 5 6 |  6.0
Fighting       | 3 4 5 |  5.7
Evocations     | 1 3 |  3.2
Throwing       | |  2.1

Action                   |  1- 3 |  4- 6 |  7- 9 || total
-------------------------+-------+-------+-------++-------
Melee: Long sword        |   111 |   151 |   126 ||   388
Throw: Throwing net      |       |     2 |     1 ||     3
Evoke: Wand              |       |     1 |    25 ||    26
  Use: Scroll            |       |    13 |     6 ||    19
       Potion            |       |     2 |     2 ||     4
 Stab: Sleeping          |     2 |     3 |     3 ||     8
       Distracted        |       |     1 |     2 ||     3
       Held in net/web   |       |     1 |     2 ||     3
  Eat: Chunk             |     9 |     7 |     9 ||    25
Armor: Leather armour    |    22 |    45 |    18 ||    85
Dodge: Dodged            |    90 |   176 |   109 ||   375
Block: Other             |    14 |    42 |    27 ||    83
       Reflection        |       |       |     1 ||     1
       Rpst.: Long sword |    34 |    52 |    37 ||   123
